AoeStats
← SDK. EL COLOMBIANO

Arabia

509895259Analyzed
1v1 RM · 4d ago on Sep 28, 2026· 40m 0s· 2 players
Game mode
Random Map
Map size
Tiny (2 player)
Population
200
Speed
Normal
Resources
Standard
Victory
Conquest
Starting age
Dark Age
Ending age
Imperial Age
RankedLock teamsTeams togetherTeam positionsShared explorationLock speedFull tech treeHidden civsTurbo modeCheats
Victory
Defeat
🇨🇴 Magyars · Colombia
874
+17
🇺🇾 Inca · Uruguay
888
-17
SDK. EL COLOMBIANO
12:19 Feudal Age
12:20 Loom
16:31 Castle Age
20:01 Double-Bit Axe
23:39 Horse Collar
25:50 Scale Barding Armor
31:52 Wheelbarrow
31:02 Town Watch
37:02 Imperial Age
34:49 Hand Cart
34:58 Town Patrol
39:08 Chemistry
38:57 Murder Holes
39:24 Masonry
Petrucci!
7:28 Loom
9:57 Feudal Age
10:03 Champi Runner
11:05 Double-Bit Axe
12:10 Forging
16:26 Scale Mail Armor
21:32 Castle Age
20:17 Horse Collar
20:51 Padded Archer Armor
20:48 Stone Mining
27:34 Fletching
Connection lost

Rejoining the realm…

Still unreachable

The connection could not be restored.

Session expired

The server has moved on; the page needs a fresh start.